 Dungeon Crawl Stone Soup version 0.21-a0-401-g0b6bec4 (webtiles) character file.

102 4thArraOfDagon the Skirmisher (level 4, -1/28 HPs)
             Began as a Deep Elf Abyssal Knight on Oct 24, 2017.
             Was a Believer of Lugonu.
             Slain by an orc
             ... wielding a +0 short sword
              (7 damage)
             ... on level 4 of the Dungeon.
             The game lasted 00:11:47 (2394 turns).

4thArraOfDagon the Skirmisher (DEAK)                Turns: 2394, Time: 00:11:47

Health: -1/28      AC:  5    Str:  9    XL:     4   Next: 50%
Magic:  7/7        EV: 11    Int: 18    God:    Lugonu [**....]
Gold:   184        SH:  0    Dex: 14    Spells: 5/5 levels left

rFire    . . .     SeeInvis .   e - staff of air
rCold    . . .     Gourm    .   (no shield)
rNeg     . . .     Faith    .   g - +0 ring mail
rPois    .         Spirit   .   (no helmet)
rElec    +         Reflect  .   (no cloak)
rCorr    .         Harm     +   (no gloves)
MR       .....                  (no boots)
Stlth    +.........             n - amulet of harm
HPRegen  0.09/turn              (no ring)
MPRegen  0.10/turn              (no ring)

@: no status effects
A: no striking features
a: Depart the Abyss, Bend Space, Renounce Religion


You were on level 4 of the Dungeon.
You worshipped Lugonu.
Lugonu was pleased with you.
You were hungry.

You visited 1 branch of the dungeon, and saw 5 of its levels.
You visited the Abyss 1 time.

You collected 184 gold pieces.

Inventory:

Hand Weapons
 d - a +2 dagger of flaming
Armour
 a - a +0 leather armour
 g - a +0 ring mail (worn)
 q - a +0 shield of positive energy
Magical Staves
 e - an uncursed staff of air (weapon)
Jewellery
 c - an uncursed ring of fire
 n - an amulet of harm (around neck)
 p - an uncursed ring of fire
Wands
 f - a wand of confusion (28/48)
 i - a wand of lightning (0/15)
 v - a wand of flame (16/48)
Scrolls
 o - 2 scrolls of blinking
 r - a scroll of recharging
 s - a scroll of remove curse
Potions
 h - a potion of resistance {unknown}
 l - a potion of cancellation {unknown}
 m - a potion of agility {unknown}
 t - a potion of magic {unknown}
Comestibles
 b - a bread ration
 j - 3 royal jellies
 k - 2 meat rations


   Skills:
 + Level 3.3 Fighting
 - Level 2.2 Staves
 - Level 1.0 Armour
 - Level 3.0 Dodging
 - Level 1.8 Unarmed Combat
 + Level 1.1 Spellcasting
 - Level 2.0 Invocations
 + Level 0.1 Evocations


You had 5 spell levels left.
You didn't know any spells.

Dungeon Overview and Level Annotations

Branches:
Dungeon (5/15)
 Temple: D:4-7

Altars:
Dithmenos
Zin

Annotations:
D:3 Monsterracer's ghost, weakling HOIE


Message History

The orc is moderately wounded.
The orc hits you with a short sword.
You are too injured to fight recklessly!
You hit the orc.
The orc is heavily wounded.
The orc hits you but does no damage.
You hit the orc.
The orc is severely wounded.
The orc hits you but does no damage.
You barely miss the orc.
The orc is severely wounded.
The orc misses you.
You hit the orc but do no damage.
The orc is severely wounded.
The orc hits you with a short sword.
* * * LOW HITPOINT WARNING * * *
You barely miss the orc.
The orc is severely wounded.
The orc hits you with a short sword.
You die...

....###...### ....
....#.....## ...#
.......>...## ...
............## ..#
.............## ..#
.#..##..###...##..#
#.. ##.#####..#..#
# #..# ##o.# ##.#
#@### ### ###


You could see an orc.

Vanquished Creatures
  3 adders (D:2)
  2 oozes
  2 leopard geckos
  6 orcs (D:3)
  6 bats
  A giant cockroach (D:2)
  6 goblins
  3 hobgoblins
  6 jackals
  12 kobolds
  3 frilled lizards
  7 rats
57 creatures vanquished.

Vanquished Creatures (collateral kills)
  A goblin (D:1)
  A jackal (D:1)
  A bat (D:1)
  A frilled lizard (D:1)
4 creatures vanquished.

Grand Total: 61 creatures vanquished

Notes
Turn   | Place    | Note
-------+----------+-------------------------------------------
     0 | Abyss:1  | 4thArraOfDagon the Deep Elf Abyssal Knight began the quest for the Orb.
     0 | Abyss:1  | Reached XP level 1. HP: 13/13 MP: 4/4
    61 | Abyss:3  | Found a corrupted altar of Lugonu.
   116 | Abyss:4  | Noticed a bone dragon
   130 | Abyss:4  | Noticed a smoke demon
   131 | D:1      | Escaped the Abyss
   164 | D:1      | Reached * piety under Lugonu
   169 | D:1      | Reached skill level 1 in Armour
   266 | D:1      | Reached XP level 2. HP: 10/18 MP: 5/5
   575 | D:1      | Reached skill level 1 in Staves
   847 | D:2      | Reached XP level 3. HP: 5/22 MP: 6/6
  1365 | D:2      | Found a shadowy altar of Dithmenos.
  1494 | D:2      | Reached ** piety under Lugonu
  1613 | D:2      | Reached XP level 4. HP: 18/28 MP: 7/7
  1699 | D:2      | brb
  1699 | D:2      | lags
  2019 | D:3      | Reached skill level 1 in Spellcasting
  2243 | D:3      | Found a glowing silver altar of Zin.
  2265 | D:3      | Noticed Monsterracer's ghost (weakling HOIE)
  2342 | D:5      | Entered Level 5 of the Dungeon
  2394 | D:4      | Slain by an orc

Vault maps used:
D:1:      eino_arrival_cavern_d
D:2:      nicolae_dithmenos_through_a_glass_darkly
D:3:      zin_scriptorium, grunt_ministairs_4
D:4:      hangedman_abyss_or_decor_lesser_grid, nicolae_ru_awakened_eye
D:5:      tgw_sif, minmay_temple_entry_from_below_a, serial_shops,
          nicolae_shop_trees, first_bread
Abyss:2:  hangedman_abyss_mock_shop
Abyss:3:  guppyfry_abyss_exit_glass_guarded,
          evilmike_abyss_rune_elephants_shrine
Abyss:4:  evilmike_nicolae_abyss_rune_containment_curve

Skill      XL: |  1  2  3  4 |
---------------+-------------+-----
Armour         | 1 |  1.0
Staves         | 1 2 |  2.2
Dodging        | 3 |  3.0
Fighting       | 3 |  3.3
Spellcasting   | 1 |  1.1
Unarmed Combat | |  1.8
Invocations    | |  2.0
Evocations     | |  0.1

Action                   |  1- 3 |  4- 6 || total
-------------------------+-------+-------++-------
Melee: Staff             |   207 |   106 ||   313
       Dagger            |     1 |       ||     1
Invok: Depart the Abyss  |     1 |       ||     1
Evoke: Wand              |    10 |       ||    10
  Use: Scroll            |     6 |     2 ||     8
 Stab: Confused          |     2 |       ||     2
  Eat: Chunk             |     3 |     2 ||     5
       Royal jelly       |     1 |       ||     1
Armor: Leather armour    |    13 |       ||    13
       Ring mail         |    75 |    38 ||   113
Dodge: Dodged            |   147 |    47 ||   194

Table legend:
 A = Spawn XP
 B = Non-spawn XP
 C = Spawn XP percentage of total XP
 D = Spawn monster count
 E = Non-spawn monster count
 F = Spawn count percentage of total count
 G = Total turns spent on level
                    A         B        C        D         E        F      G
               +---------+---------+-------+---------+---------+-------+---------
         Total |       0 |     147 |   0.0 |       0 |      61 |   0.0 |  2394
               +---------+---------+-------+---------+---------+-------+---------
           D:1 |       0 |      44 |   0.0 |       0 |      25 |   0.0 |   649
           D:2 |       0 |      66 |   0.0 |       0 |      18 |   0.0 |  1017
           D:3 |       0 |      37 |   0.0 |       0 |      18 |   0.0 |   537
               +---------+---------+-------+---------+---------+-------+---------
